 Dungeon Crawl Stone Soup version 0.26.1-11-gd32895ea62 (webtiles) character file.

Game seed: 8563554635214664634

490 wheatie the Bolt Thrower (level 7, 0/71 HPs)
             Began as an Ogre Hunter on July 21, 2021.
             Slain by a worker ant (2 damage)
             ... on level 6 of the Dungeon.
             The game lasted 00:14:40 (2182 turns).

wheatie the Bolt Thrower (Ogre Hunter)              Turns: 2182, Time: 00:14:43

Health: 0/71       AC:  3    Str: 18    XL:     7   Next: 14%
Magic:  7/7        EV: 10    Int: 12    God:
Gold:   113        SH:  0    Dex: 10    Spells: 6/6 levels left

rFire    . . .     SeeInvis +   b - +0 short sword
rCold    . . .     Faith    .   (no shield)
rNeg     . . .     Spirit   .   c - +0 robe
rPois    .         Reflect  .   (helmet restricted)
rElec    .         Harm     .   (no cloak)
rCorr    .         Rampage  .   (gloves unavailable)
Will     .....                  (boots unavailable)
Stlth    +.........             (no amulet)
HPRegen  0.21/turn              e - ring of see invisible
MPRegen  0.10/turn              (no ring)

@: lethally poisoned (0 -> -16)
A: large, unfitting armour, tough skin 1
a: no special abilities


You were on level 6 of the Dungeon.
You visited 1 branch of the dungeon, and saw 6 of its levels.

You collected 113 gold pieces.

Inventory:

Hand Weapons
 a - a +1 hand crossbow
 b - a +0 short sword (weapon)
 n - a +0 whip
 p - a +0 short sword
Armour
 c - a +0 robe (worn)
 r - the cursed +1 leather armour "Oguxeorige" {Harm, unknown}
   (You found it on level 5 of the Dungeon)

   It increases damage dealt and taken.
   It has a curse placed upon it.
 s - a +0 pair of gloves
Jewellery
 e - a ring of see invisible (left hand)
Wands
 q - a wand of polymorph (4)
Scrolls
 g - 2 scrolls of teleportation
 k - 3 scrolls of amnesia {unknown}
 t - 2 scrolls of identify
 u - a scroll of remove curse
 w - a scroll of torment {unknown}
Potions
 f - 3 potions of curing {unknown}
 h - 2 potions of might {unknown}
 i - a potion of ambrosia {unknown}
 j - a potion of lignification {unknown}
 l - a potion of berserk rage {unknown}
 m - a potion of haste {unknown}
 v - 2 potions of flight {unknown}
 x - a potion of cancellation {unknown}


   Skills:
 + Level 4.7 Fighting
 + Level 5.5 Crossbows
 + Level 2.5 Dodging
 + Level 1.1 Stealth


You had 6 spell levels left.
You didn't know any spells.
Your spell library was empty.

Dungeon Overview and Level Annotations

Branches:
Dungeon (6/15)             Temple (0/1) D:6

Altars:


Innate Abilities, Weirdness & Mutations

You are too large for most types of armour.
You have tough skin. (AC +1)


Message History

You feel sick. The adder closely misses you.
The worker ant bites you but does no damage.
The adder bites you but does no damage.
You hit the worker ant.
The worker ant is almost dead.
* * * LOW HITPOINT WARNING * * *
You feel sick. The worker ant barely misses you. The adder bites you.
* * * LOW HITPOINT WARNING * * *
You are more poisoned.
The adder poisons you! The worker ant bites you.
* * * LOW HITPOINT WARNING * * *
The worker ant barely misses you.
As you read the scroll labelled QUKHEPOTIL, it crumbles to dust.
You hear a loud clanging noise!
It was a scroll of noise.
* * * LOW HITPOINT WARNING * * *
You feel sick.
You hear a shout! x2; You hear an angry hiss.
You hear a shout! x3
The adder barely misses you. The worker ant bites you.
You die...

#.........#
#.........#
#...##....#
######....#......(
##....#.......
#.....#.......
#..(..#.......
#.....#.......
##.@..#(.....#
#BBS.#(...#
#....(..#
#.....#......
#...(...##..>
###+##...#. .
...## ....# ....#


You could see 2 worker ants and an adder.

Vanquished Creatures
  2 phantoms
  A howler monkey (D:6)
  2 hounds
  An orc wizard (D:3)
  Natasha (D:2)
  An iguana (D:4)
  3 worker ants
  2 adders (D:2)
  A white imp (D:5)
  2 dart slugs
  3 leopard geckos
  3 orcs (D:3)
  A ball python (D:1)
  4 giant cockroaches
  5 goblins
  3 hobgoblins
  2 quokkas
  5 bats
  2 frilled lizards (D:1)
  A kobold (D:1)
  4 rats
49 creatures vanquished.

Notes
Turn   | Place    | Note
-------+----------+-------------------------------------------
     0 | D:1      | wheatie the Ogre Hunter began the quest for the Orb.
     0 | D:1      | Reached XP level 1. HP: 22/22 MP: 1/1
    21 | D:1      | Reached skill level 3 in Crossbows
   168 | D:1      | Reached XP level 2. HP: 26/29 MP: 2/2
   440 | D:2      | Reached XP level 3. HP: 31/36 MP: 3/3
   582 | D:2      | Noticed Natasha
   588 | D:2      | Killed Natasha
   589 | D:2      | Reached skill level 4 in Crossbows
   589 | D:2      | Reached XP level 4. HP: 30/45 MP: 4/4
   634 | D:3      | Noticed a phantom
   659 | D:3      | Killed a phantom
   660 | D:3      | Reached XP level 5. HP: 38/54 MP: 5/5
  1014 | D:3      | Reached skill level 1 in Stealth
  1060 | D:4      | Noticed a phantom
  1071 | D:4      | Killed a phantom
  1072 | D:4      | Reached skill level 5 in Crossbows
  1072 | D:4      | Reached XP level 6. HP: 62/62 MP: 6/6
  1552 | D:5      | Entered Level 5 of the Dungeon
  1634 | D:5      | Got a scorched leather armour
  1939 | D:6      | Reached XP level 7. HP: 60/71 MP: 7/7
  2159 | D:6      | Found a staircase to the Ecumenical Temple.
  2182 | D:6      | HP: 2/71 [poisoned by an adder]
  2182 | D:6      | Slain by a worker ant

Illustrated notes

Levels and vault maps discovered:
D:1:      psy_arrival_statuary, layout_rooms
D:2:      layout_basic, lemuel_coloured_pillars_altar,
          kennysheep_generic_room_2, uniq_natasha, uniq_terence
D:3:      layout_loops_ring
D:4:      layout_basic
D:5:      layout_gridville, serial_shops, shop, minmay_misc_feat_x
D:6:      layout_gridville, grunt_dithmenos_smoke,
          gammafunk_temple_overflow_wave, minmay_temple_entry_slanted,
          serial_glass, glass_columns_a, glass_columns_c, grunt_ministairs_4

Skill      XL: |  1  2  3  4  5 |
---------------+----------------+-----
Crossbows      | 3 4 5 |  5.5
Dodging        | 2 |  2.5
Fighting       | 3 4 |  4.7
Stealth        | 1 |  1.1

Action                   |  1- 3 |  4- 6 |  7- 9 || total
-------------------------+-------+-------+-------++-------
Melee: Short sword       |       |       |    10 ||    10
 Fire: Hand crossbow     |    50 |    89 |     9 ||   148
  Use: Scroll            |       |     2 |     2 ||     4
Armor: Robe              |    11 |    18 |     5 ||    34
Dodge: Dodged            |    13 |    31 |    21 ||    65
